[Event "*** Titled Tuesday Blitz"]
[Site "Chess.com"]
[Date "2021.03.02"]
[Round "2"]
[White "Shuvalov"]
[Black "GadimbayliA"]
[Result "1/2-1/2"]
[WhiteElo "2538"]
[BlackElo "2817"]
[TimeControl "180+1"]
[EndTime "10:18:41 PST"]
[Termination "Game drawn by stalemate"]

1. Nf3 d5 2. c4 d4 3. b4 c5 4.
e3 Bg4 5. Qa4+ Qd7 6. Qxd7+ Nxd7 7. bxc5 Bxf3 8. gxf3 Nxc5 9. exd4 Ne6 10. Bb2 Nf6 11. Na3 a6 12. Nc2 g6 13. d5 Nf4 14. Be5 Bh6 15. Rb1 O-O-O 16. Ne3 Rhe8 17. Ng4 Nxg4 18. fxg4 f6 19. Bd4 e6 20. Bxf6 exd5+ 21. Kd1 Rd6 22. g5 dxc4 23. Bxc4 Bf8 24. Re1 Rxe1+ 25. Kxe1 h6 26. h4 h5 27. Be5 Rc6 28. Bxf4 Rxc4 29.
Bg3 b5 30. Rb3 Kd7 31. Rd3+ Ke6 32. Re3+ Kd7 33. Rf3 Be7 34. Rf7 Ra4 35. Rg7 Rxa2 36. Rxg6 Bb4 37. Bf4 a5 38. Rb6 a4 39. Rxb5 Bf8 40.
Be5 a3 41. Ra5 Rc2 42. Bc3 Ke6 43. Ra6+ Kf7 44. g6+ Kg8 45. Ra8 Rc1+ 46. Ke2 a2 47. f4 Rb1 48. f5 a1=Q 49. Rxa1 Rb7 50. Ra8 Re7+ 51. Kf3 Re3+ 52. Kf4 Re4+ 53. Kg5 Rg4+ 54. Kxh5 Rg5+ 55. Kxg5 1/2-1/2

[Event "*** Titled Tuesday Blitz"]
[Site "Chess.com"]
[Date "2021.03.02"]
[Round "2"]
[White "DenisQ"]
[Black "Snowflake"]
[Result "1-0"]
[WhiteElo "2645"]
[BlackElo "2359"]
[TimeControl "180+1"]
[EndTime "10:18:43 PST"]
[Termination "DenisQ won by checkmate"]

1. Nf3 d5 2. g3 c6 3. Bg2 Nf6 4.
O-O e6 5. b3 Bd6 6. Bb2 O-O 7. c4 Nbd7 8. d4 Ne4 9. Nbd2 f5 10. Ne1 Qe7 11. Nd3 Nxd2 12. Qxd2 Nf6 13. Rac1 Ne4 14. Qc2 Bd7 15. f3 Nf6 16. Ne5 Be8 17.
a4 Bg6 18. Nxg6 hxg6 19. e4 fxe4 20. fxe4 e5 21. exd5 cxd5 22. Qxg6 e4 23. c5 Bc7 24.
b4 e3 25. Rce1 Rae8 26. Rf3 e2 27. Bc1 Qe4 28. Qxe4 Rxe4 29. Rxf6 gxf6 30. Bxe4 dxe4 31. Rxe2 f5 32. d5 Be5 33. d6 Bc3 34. b5 Rc8 35.
Be3 Bb4 36. Rc2 Kf7 37. d7 Ra8 38. c6 bxc6 39. bxc6 Ke6 40. Bf4 a5 41. Kg2 Kd5 42.
Bc7 Be7 43. d8=Q+ Bxd8 44. Bxd8 e3 45. c7 Rc8 46. Kf3 Kd4 47. Re2 Kd3 48. Rxe3+ Kd2 49.
Re5 Kd1 50. Rxa5 f4 51. Kxf4 Kc2 52. Rb5 Kd3 53. Rb8 Rxc7 54. Bxc7 Ke2 55. a5 Kf1 56. a6 Kg2 57. a7 Kh1 58. a8=Q+ Kg1 59. Rb2 Kf1 60. Qa1# 1-0

[Event "*** Titled Tuesday Blitz"]
[Site "Chess.com"]
[Date "2021.03.02"]
[Round "2"]
[White "Legendinunknown"]
[Black "GM_dmitrij"]
[Result "1/2-1/2"]
[WhiteElo "2606"]
[BlackElo "3013"]
[TimeControl "180+1"]
[EndTime "10:18:44 PST"]
[Termination "Game drawn by repetition"]

1. d4 Nf6 2. c4 g6 3. Nc3 Bg7 4. e4 O-O 5. Nf3 d6 6. Be2 e5 7. d5 a5 8. Bg5 h6 9. Be3 Ng4 10. Bc1 f5 11. exf5 gxf5 12. g3 Na6 13. Nh4 Nf6 14. O-O f4 15. Kh1 fxg3 16. fxg3 Nc5 17. Nf5 Bxf5 18. Rxf5 Qd7 19. Qc2 e4 20. Rf4 Rae8 21.
Be3 Nd3 22. Bxd3 exd3 23. Qxd3 Ng4 24. Rxf8+ Rxf8 25. Kg2 Qf7 26. Bf4 Qh5 27. h3 Ne5 28. Qe4 Ng6 29. Rf1 Kh7 30. Nd1 Qf5 31. Qxf5 Rxf5 32. b3 Rf7 33. Ne3 Bd4 34. Nc2 Bc3 35. Rf3 Bg7 36. Ne3 Bd4 37. Nc2 Bc5 38. Rf1 Re7 39.
Re1 Rg7 40. Kf3 Rf7 41. Re8 b6 42. Ne3 Ne5+ 43. Ke2 Ng6 44. Kf3 Ne5+ 45. Ke4 Ng6 46. Nf5 h5 47. h4 Bb4 48. Bg5 Be1 49. Bf4 Bf2 50. Ne3 Nxf4 51. gxf4 Bxh4 52. Nf5 Bf6 53. Kf3 Kg6 54. Ng3 Rh7 55. Ne4 Be7 56. Rc8 Bf6 57.
Re8 Be7 58. Rc8 Bf6 59. Re8 1/2-1/2

[Event "*** Titled Tuesday Blitz"]
[Site "Chess.com"]
[Date "2021.03.02"]
[Round "2"]
[White "ShahMatKanal"]
[Black "WonderChampion"]
[Result "1-0"]
[WhiteElo "2497"]
[BlackElo "2094"]
[TimeControl "180+1"]
[EndTime "10:18:44 PST"]
[Termination "ShahMatKanal won on time"]

1. d4 d5 2. c4 e6 3. Nc3 c6 4. e4 dxe4 5. Nxe4 Nf6 6. Nxf6+ Qxf6 7. Nf3 Bb4+ 8. Bd2 Bxd2+ 9. Qxd2 O-O 10. Be2 Rd8 11.
Qc2 c5 12. dxc5 Nc6 13. O-O e5 14. Rfd1 Bf5 15. Qb3 Na5 16. Qc3 Nc6 17. Rd5 Be4 18.
Rad1 Bxd5 19. cxd5 Nd4 20. Nxd4 exd4 21. Rxd4 Rac8 22.
Bf3 b6 23. b4 a5 24. a3 axb4 25. axb4 bxc5 26. bxc5 Re8 27. h3 Re1+ 28. Qxe1 Qxd4 29. c6 Qc5 30. Qb1 Qd6 31. Qf5 Re8 32. g3 g6 33. Qd3 Re1+ 34. Kg2 Re8 35. Qb5 Qc7 36. Qc5 Rd8 37. h4 Rd6 38. h5 Kg7 39. Qd4+ Kg8 40. h6 f6 41. Qe4 Kf7 42. Bg4 f5 43. Bxf5 gxf5 44. Qxf5+ Kg8 45. Qg5+ Kf8 46. Qe5 Qe7 47.
Qh8+ Kf7 48. Qxh7+ Ke8 49. Qg8+ Qf8 50. h7 Rh6 51. c7 1-0

[Event "*** Titled Tuesday Blitz"]
[Site "Chess.com"]
[Date "2021.03.02"]
[Round "2"]
[White "Rondo_Capriccioso"]
[Black "rachidhuilda"]
[Result "1/2-1/2"]
[WhiteElo "2473"]
[BlackElo "2296"]
[TimeControl "180+1"]
[EndTime "10:18:44 PST"]
[Termination "Game drawn - insufficient material"]

1. e4 d5 2. exd5 Qxd5 3. d4 e5 4. dxe5 Qxd1+ 5. Kxd1 Nc6 6. f4 Bg4+ 7. Be2 O-O-O+ 8. Ke1 Nh6 9. Nf3 Bc5 10. c3 f6 11.
Nbd2 Rhe8 12. Nb3 Bb6 13. h3 Bxf3 14. Bxf3 fxe5 15. f5 Nxf5 16. Bg4 g6 17. Rf1 Rf8 18. Bg5 Rde8 19. Rd1 h5 20. Bf3 e4 21. Be2 Ne5 22. Rf4 Nd3+ 23. Bxd3 exd3+ 24. Kd2 Be3+ 25. Kxd3 Bxf4 26. Bxf4 Rd8+ 27. Kc2 Rxd1 28. Kxd1 Nd6 29.
Bxd6 cxd6 30. Ke2 Rf5 31. Nd4 Re5+ 32. Kf3 Re1 33. g4 Rb1 34. b3 hxg4+ 35. hxg4 Ra1 36. a4 Rc1 37. c4 Re1 38. Kf4 Rf1+ 39. Kg5 Rd1 40.
Nb5 a6 41. Nc3 Rd3 42. Nd5 Rxb3 43. Kxg6 Kd7 44. Kf5 Kc6 45. g5 Rg3 46. a5 Kc5 47.
Nf6 Kxc4 48. Ne4 Rxg5+ 49. Kxg5 d5 50. Nd6+ Kc5 51. Nxb7+ Kc6 52. Nd8+ Kb5 53. Kf4 Kxa5 54. Ke5 Kb4 55. Nc6+ Kc5 56. Na5 d4 57. Nb3+ Kb4 58. Nxd4 a5 59. Ke4 a4 60. Kd3 Ka3 61. Kc2 Kb4 62.
Kb2 a3+ 63. Ka2 Kc4 64. Nc2 Kc5 65. Nxa3 1/2-1/2

[Event "*** Titled Tuesday Blitz"]
[Site "Chess.com"]
[Date "2021.03.02"]
[Round "2"]
[White "korkmaz16"]
[Black "SamuelGhimpu2003"]
[Result "0-1"]
[WhiteElo "2400"]
[BlackElo "2652"]
[TimeControl "180+1"]
[EndTime "10:18:46 PST"]
[Termination "SamuelGhimpu2003 won by checkmate"]

1. e4 e6 2. d4 d5 3. Nd2 c5 4.
Ngf3 cxd4 5. Nxd4 Nc6 6. Bb5 Bd7 7. Nxc6 bxc6 8. Bd3 Bd6 9. Qe2 e5 10. Nf3 Qe7 11.
O-O Nf6 12. Re1 dxe4 13. Bxe4 Nxe4 14. Qxe4 O-O 15. Qc4 Rfe8 16. b3 e4 17. Ng5 Bf5 18. Nf3 Qc7 19. Nd4 Bxh2+ 20. Kh1 Bg6 21. Qxc6 Qe5 22.
Nf3 Qxa1 23. Kxh2 Rec8 24. Bf4 Qf6 25. Qxf6 gxf6 26. Nd4 Rd8 27. Be3 Rac8 28. c4 a5 29. g3 Kf8 30. Kg2 Ke7 31. Rc1 f5 32. Bg5+ f6 33. Be3 Kd6 34. c5+ Ke5 35. c6 Rxd4 36. Rc5+ Rd5 37. Bf4+ Ke6 38. Rc4 Be8 39. c7 Bb5 40.
Rc2 a4 41. Rc1 axb3 42. axb3 Rd3 43. Rh1 Rxb3 44. Rxh7 Bc6 45. Rh6 e3+ 46. Kf1 Bb5+ 47. Kg2 e2 48. Bd2 Rd3 49. Be1 Rd1 50. Bc3 Rxc7 51.
Rxf6+ Ke7 52. Bb2 e1=Q 53. Rxf5 Qh1# 0-1

[Event "*** Titled Tuesday Blitz"]
[Site "Chess.com"]
[Date "2021.03.02"]
[Round "2"]
[White "ruvat"]
[Black "Benjoneliere44"]
[Result "1/2-1/2"]
[WhiteElo "2327"]
[BlackElo "2597"]
[TimeControl "180+1"]
[EndTime "10:18:46 PST"]
[Termination "Game drawn by repetition"]

1. d4 d6 2. Nf3 Bg4 3. e4 e6 4. Nc3 Nd7 5. h3 Bh5 6. Bg5 Be7 7. Bxe7 Qxe7 8. Be2 c6 9. O-O Ngf6 10. Re1 O-O 11. e5 Nd5 12. exd6 Qxd6 13. Ne4 Qf4 14. Ng3 Bxf3 15. Bxf3 N7f6 16. c3 Rfd8 17. Qe2 a5 18. a4 h6 19. Rad1 Rd7 20. Qe5 Rad8 21. Bxd5 Nxd5 22. Qxf4 Nxf4 23. Rb1 c5 24. dxc5 Nd3 25.
Re4 Nxc5 26. Rc4 b6 27. Ne4 Rd1+ 28. Rxd1 Rxd1+ 29. Kh2 Nxe4 30. Rxe4 Rd2 31. b4 Rxf2 32. bxa5 bxa5 33. Re5 Rc2 34. Rc5 f5 35. Kg3 Kf7 36. Kf3 Kf6 37. g4 g5 38. gxf5 exf5 39. Ke3 h5 40.
Kd3 Rh2 41. Kd4 Rxh3 42. Rc6+ Kf7 43. Ke5 Rf3 44. Rc7+ Kf8 45. Kf6 Ke8 46. Kxg5 Rf1 47. Kxh5 f4 48. Rc5 f3 49. Kg4 f2 50. Kg3 Ra1 51.
Kxf2 Rxa4 52. Ke3 Kd7 53. Kd3 Kd6 54. Rh5 Ra1 55. Kc2 Kc6 56. Kb2 Ra4 57. Kb3 Ra1 58. Kb2 Rg1 59. Rxa5 Kb6 60. Rf5 Rg2+ 61. Kb3 Rg4 62.
c4 Rg3+ 63. Kb4 Rg1 64. Rf6+ Kc7 65. Kb5 Rg5+ 66. c5 Rg1 67. Rf7+ Kd8 68. Kb6 Rc1 69. Rh7 Rc2 70. Rh8+ Kd7 71. Rh7+ Kd8 72. Kc6 Rc1 73. Rh8+ Ke7 74. Ra8 Rc2 75. Ra7+ Kd8 76. Ra8+ Ke7 77.
Ra7+ Kd8 78. Ra8+ Ke7 1/2-1/2

[Event "*** Titled Tuesday Blitz"]
[Site "Chess.com"]
[Date "2021.03.02"]
[Round "2"]
[White "Chernov_Alexander_A"]
[Black "mortngabriel"]
[Result "0-1"]
[WhiteElo "2294"]
[BlackElo "2496"]
[TimeControl "180+1"]
[EndTime "10:18:46 PST"]
[Termination "mortngabriel won on time"]

1. e4 c5 2. Nf3 d6 3. c3 Nf6 4. Be2 g6 5. O-O Bg7 6. Re1 O-O 7. Bf1 Nc6 8. d4 cxd4 9. cxd4 Bg4 10.
Nc3 Bxf3 11. gxf3 e5 12. d5 Nd4 13. f4 Nh5 14. fxe5 dxe5 15. Be3 Qh4 16. Bg2 Nf4 17. Bxf4 exf4 18. f3 Be5 19. Qd2 Rac8 20. Rad1 g5 21. Qf2 Qxf2+ 22. Kxf2 Kg7 23. Rd2 b5 24. Red1 b4 25.
Ne2 Nc2 26. Bh3 Rc7 27. d6 Rc5 28. Rd5 Rxd5 29. Rxd5 Kf6 30. d7 Rd8 31. Nc1 Bxb2 32. Nd3 Bd4+ 33. Ke2 Bb6 34. Bf5 Nd4+ 35. Kf1 Nxf5 36.
Rxf5+ Ke6 37. Rxg5 Rxd7 38. Nxf4+ Kd6 39. Nd5 Bd4 40.
Nxb4 Kc7 41. Rd5 Rxd5 42. Nxd5+ Kd6 43. Ke2 f5 44. Kd3 Be5 45. a4 Bxh2 46. Ne3 fxe4+ 47.
Kxe4 Ke6 48. Ng4 Bg1 49. Nh6 Kf6 50. Nf5 Kg6 51. Kf4 h5 52. Nh4+ Kf6 53. Ng2 Bh2+ 0-1

[Event "*** Titled Tuesday Blitz"]
[Site "Chess.com"]
[Date "2021.03.02"]
[Round "2"]
[White "bogcsab"]
[Black "Ali-Farahat"]
[Result "0-1"]
[WhiteElo "2150"]
[BlackElo "2410"]
[TimeControl "180+1"]
[EndTime "10:18:47 PST"]
[Termination "Ali-Farahat won on time"]

1. d4 d5 2. c4 c6 3. cxd5 cxd5 4. Nf3 Nf6 5. g3 Nc6 6. Bg2 Bf5 7. O-O e6 8. Ne5 Rc8 9. Nc3 Be7 10. f3 Nxd4 11. Qa4+ Kf8 12. e4 dxe4 13. fxe4 Rxc3 14. bxc3 Ne2+ 15. Kh1 Nxc3 16. Qxa7 Ncxe4 17. Ba3 Bxa3 18. Qxa3+ Kg8 19. Rad1 Qe8 20. Rd4 h5 21. Qe3 h4 22.
Bxe4 Nxe4 23. Rxe4 hxg3 24. h4 f6 25. Nf3 Qc6 26. Rf4 Rh5 27. Kg1 e5 28. Rb4 Bh3 29. Rc1 Qe6 30. Qb3 Kh7 31. Qxe6 Bxe6 32. Rc7 Bd5 33. Kg2 Rf5 34. Rc3 e4 35. Ng1 e3+ 36.
Kxg3 Re5 37. Rb2 Bc6 38. Re2 f5 39. Rexe3 Ra5 40. Kf4 Ra4+ 41. Kg5 Rg4+ 42. Kxf5 Rxg1 43. Kf4 Rf1+ 44. Kg5 Rg1+ 45. Kf4 Kh6 46. Ke5 g6 47. Re2 Rg4 48. Kd6 Rxh4 49. Kc7 g5 50. Rcc2 Kh5 51. Rh2 Rxh2 52. Rxh2+ Kg4 53. Rc2 Kf4 54. Rc4+ Be4 0-1

[Event "*** Titled Tuesday Blitz"]
[Site "Chess.com"]
[Date "2021.03.02"]
[Round "2"]
[White "felipelobo"]
[Black "Taktikmonster"]
[Result "1-0"]
[WhiteElo "2140"]
[BlackElo "2378"]
[TimeControl "180+1"]
[EndTime "10:18:47 PST"]
[Termination "felipelobo won by checkmate"]

1. d4 Nf6 2. Bf4 e6 3. e3 c5 4. c3 b6 5. Nf3 Bb7 6. Nbd2 Nc6 7.
h3 cxd4 8. exd4 d6 9. Bd3 Be7 10.
O-O O-O 11. Qe2 Re8 12. Rae1 Bf8 13. Bg5 h6 14. Bh4 e5 15. dxe5 Nxe5 16. Nxe5 dxe5 17.
Ne4 Be7 18. Bxf6 Bxf6 19. Rd1 Qe7 20. Bb5 Red8 21. Rfe1 a6 22. Rxd8+ Qxd8 23. Rd1 Qe7 24. Rd7 axb5 25. Rxe7 Bxe7 26. Qxb5 Bxe4 27. Qxe5 Bc5 28. Qxe4 Rxa2 29. Qe2 g6 30. g4 Kg7 31. Kg2 Kg8 32.
Qe8+ Kg7 33. Qe5+ Kg8 34. Qe2 Kg7 35. h4 Kg8 36. h5 gxh5 37. gxh5 Kg7 38. Qc2 Kg8 39. Qb3 Ra1 40. Qc2 Ra2 41. Qd2 Kg7 42. Qe2 Kg8 43. Kh3 Kg7 44. Qe5+ Kg8 45. Kg3 Kf8 46.
Qh8+ Ke7 47. Qxh6 Rxb2 48. Qg5+ f6 49. Qg7+ Ke6 50. Qg8+ Kf5 51. Qc8+ Kg5 52. Qg4+ Kh6 53. Qg6# 1-0

[Event "*** Titled Tuesday Blitz"]
[Site "Chess.com"]
[Date "2021.03.02"]
[Round "2"]
[White "jacky72"]
[Black "Elprofessor21"]
[Result "1-0"]
[WhiteElo "2690"]
[BlackElo "2471"]
[TimeControl "180+1"]
[EndTime "10:18:48 PST"]
[Termination "jacky72 won by resignation"]

1. d4 Nf6 2. c4 e6 3. Nf3 d5 4.
Nc3 Be7 5. Bg5 O-O 6. e3 h6 7.
Bh4 Ne4 8. Bxe7 Qxe7 9. Bd3 Nxc3 10. bxc3 dxc4 11. Bxc4 b6 12. O-O Bb7 13. Be2 c5 14. a4 Nc6 15. Nd2 Rfd8 16. Bf3 Na5 17. Rb1 Rac8 18.
Bxb7 Qxb7 19. Qf3 Qxf3 20. Nxf3 cxd4 21. cxd4 Rc4 22. Ra1 Rdc8 23. Ne5 Rc2 24. g4 f6 25.
Nd3 Nb3 26. Ra3 Nd2 27. Rd1 Ne4 28. a5 b5 29. a6 Re2 30. Re1 Rxe1+ 31. Nxe1 b4 32.
Ra1 Nc3 33. Nd3 b3 34. Ra3 Rb8 35. Nb2 Nb1 36. Ra5 Rc8 37. Rb5 Nd2 38. Rb7 Rc2 39. Nd3 f5 40. gxf5 exf5 41. Kg2 Kh7 42. Kg3 Kg6 43. Kf4 Kh5 44. Kxf5 g6+ 45. Kf6 Ne4+ 46.
Ke5 Nxf2 47. Nxf2 Rxf2 48. Rxb3 Rxh2 49. Rb7 Re2 50. e4 Ra2 51. Rxa7 Kg5 52. d5 h5 53. d6 h4 54. d7 Rd2 55. Rb7 h3 56. a7 h2 57. a8=Q h1=Q 58. d8=Q+ Rxd8 59. Qxd8+ Kg4 60. Qd7+ Kg3 61. Qd6 1-0

[Event "*** Titled Tuesday Blitz"]
[Site "Chess.com"]
[Date "2021.03.02"]
[Round "2"]
[White "Szparu"]
[Black "stepakyedael"]
[Result "1-0"]
[WhiteElo "2647"]
[BlackElo "2331"]
[TimeControl "180+1"]
[EndTime "10:18:48 PST"]
[Termination "Szparu won on time"]

1. d4 Nf6 2. Bg5 Ne4 3. h4 c5 4. d5 d6 5. Nd2 Nxg5 6. hxg5 e6 7.
Ndf3 exd5 8. Qxd5 Nc6 9. e3 Be6 10. Qd2 Be7 11. g6 fxg6 12. Ne2 Bf6 13. Nf4 Bf7 14.
c3 a6 15. Nd5 O-O 16. a4 Ne5 17.
Be2 Rc8 18. a5 c4 19. Nb6 Rc5 20. Nd4 Nc6 21. Nxc6 bxc6 22. Bf3 d5 23. O-O Qd6 24. Ra4 Rd8 25. Rd1 Qe5 26. Qd4 Qe7 27. Qg4 h5 28.
Qh3 Be6 29. Qg3 Kh7 30. e4 d4 31. cxd4 Rxd4 32. Rxd4 Bxd4 33. Qb8 Rg5 34. Nxc4 Qc5 35. Qb3 Bxf2+ 36. Kf1 Bg3 37. Qc2 Qd4 38. Nb6 Rc5 39.
Rxd4 Rxc2 40. b4 Rf2+ 41. Kg1 Rb2 42. Rd1 Bf2+ 43. Kh1 Bg3 44. e5 Rxb4 45. Bxc6 Rh4+ 46. Kg1 Bg4 47. Rb1 Bf5 48. Rd1 Rf4 49. Bf3 Bg4 50.
Bxg4 Rxg4 51. e6 Rg5 52. Nd7 Bc7 53. Rc1 Bxa5 54. e7 1-0

[Event "*** Titled Tuesday Blitz"]
[Site "Chess.com"]
[Date "2021.03.02"]
[Round "2"]
[White "Trovita84"]
[Black "ChronicUnhappiness"]
[Result "1-0"]
[WhiteElo "2040"]
[BlackElo "2359"]
[TimeControl "180+1"]
[EndTime "10:18:48 PST"]
[Termination "Trovita84 won by resignation"]

1. e4 c5 2. Nc3 Nc6 3. g3 g6 4.
Bg2 Bg7 5. Nge2 e5 6. O-O d6 7. d3 Nge7 8. Be3 O-O 9. a4 Be6 10. f4 Qd7 11. Qd2 f5 12. Rae1 Nd4 13. b3 Rae8 14. Nd5 Nxe2+ 15. Rxe2 Bxd5 16. exd5 exf4 17. Bxf4 Nc8 18. Rfe1 Rxe2 19. Rxe2 Re8 20. Qe1 Rxe2 21. Qxe2 b6 22. h3 Kf7 23. Bf3 Qe7 24. Kf2 Qxe2+ 25. Kxe2 Be5 26. c4 Bxf4 27. gxf4 a5 28. Ke3 Kf6 29.
h4 h6 30. d4 Ne7 31. dxc5 bxc5 32. Kf2 g5 33. hxg5+ hxg5 34. fxg5+ Kxg5 35. Be2 Kf4 36. Bh5 Ke4 37. Ke2 Kd4 38. Kd2 f4 39. Bg4 Ng6 40. Bd1 Ne5 41. Be2 f3 42. Bd1 Ke4 43. Bc2+ Kf4 44. Bd1 Kg3 45. Ke3 Kg2 46. Kf4 f2 47.
Be2 f1=Q+ 48. Bxf1+ Kxf1 49. Kf5 Ke2 50. Ke6 Kd3 51.
Kxd6 Kd4 52. Ke6 Ng6 53. d6 Nf4+ 54. Kf7 Ke5 55. d7 Ne6 56. Ke7 Kf5 57. d8=Q Nxd8 58.
Kxd8 Ke5 59. Kc7 Kd4 60. Kc6 Kc3 61. Kxc5 Kxb3 62. Kb5 1-0

[Event "*** Titled Tuesday Blitz"]
[Site "Chess.com"]
[Date "2021.03.02"]
[Round "2"]
[White "PavelShkapenko"]
[Black "Orest_Vovk"]
[Result "1/2-1/2"]
[WhiteElo "2703"]
[BlackElo "2502"]
[TimeControl "180+1"]
[EndTime "10:18:49 PST"]
[Termination "Game drawn - insufficient material"]

1. e4 g5 2. d4 g4 3. Bc4 d6 4. h3 Nf6 5. Nc3 Bg7 6. hxg4 Bxg4 7. f3 Be6 8. Bxe6 fxe6 9. Nh3 Nc6 10.
Be3 Qd7 11. Qd2 O-O-O 12. O-O-O a6 13. d5 exd5 14. exd5 Ne5 15. Ng5 Qf5 16. Ne6 Rdg8 17. Qd4 c5 18. Qa4 Nxd5 19. Nxd5 Qxe6 20. Qa5 Kb8 21. Qc7+ Ka8 22. Qxc5 dxc5 23. Nc7+ Kb8 24. Nxe6 Nc4 25. Bf4+ Be5 26. Bxe5+ Nxe5 27. Rd2 b6 28. Re2 Nc6 29. Rd1 Rg6 30. c3 Rhg8 31. Rdd2 Kc8 32. Nf4 Rd6 33. Nd5 b5 34. g4 Kd7 35.
Ne3 Rxd2 36. Kxd2 e6 37. Rh2 Rg7 38. Ke2 Ne5 39. Rh1 Kc6 40. Rd1 c4 41. Rd8 Nd3 42.
b3 Nc1+ 43. Kd2 Nxa2 44. bxc4 Rd7+ 45. Rxd7 Kxd7 46. cxb5 axb5 47. Kc2 b4 48. c4 Nc3 49. Kb3 Ne2 50. Kxb4 Nd4 51. f4 Ne2 52. f5 exf5 53.
Nxf5 Ke6 54. Kb5 Nc3+ 55. Kb6 Ne4 56. c5 Nxc5 57. Kxc5 Kf6 58. Kd5 Kg5 59. Ne3 h5 60. gxh5 Kxh5 1/2-1/2

[Event "*** Titled Tuesday Blitz"]
[Site "Chess.com"]
[Date "2021.03.02"]
[Round "2"]
[White "kobemagic"]
[Black "azikom"]
[Result "0-1"]
[WhiteElo "2398"]
[BlackElo "2681"]
[TimeControl "180+1"]
[EndTime "10:18:51 PST"]
[Termination "azikom won by resignation"]

1. c4 c5 2. g3 Nc6 3. Bg2 g6 4.
Nc3 Bg7 5. a3 d6 6. Rb1 a5 7.
Nf3 Nh6 8. d3 O-O 9. O-O Nf5 10.
Ne1 Bd7 11. Nc2 a4 12. Ne3 Nxe3 13. Bxe3 Qa5 14. Bd2 Qa7 15. Nb5 Qb6 16. b3 axb3 17. Rxb3 Qd8 18. Nc3 Ra7 19. Nd5 Nd4 20. Rb1 Bc6 21. e3 Ne6 22. Qb3 Re8 23. Bc3 Bxc3 24. Nxc3 Qa8 25. a4 Bxg2 26. Kxg2 b5+ 27. Kg1 b4 28. Nd5 Nc7 29. Nf4 Rxa4 30. h4 Ra3 31. Qc2 Qf3 32. Ra1 Rea8 33. Rxa3 Rxa3 34. Rb1 e5 35.
Ng2 Ne6 36. Ne1 Qa8 37. Qe2 h5 38. Qc2 Kg7 39. Qb2 Ra2 40. Qc1 Qa3 41. Qxa3 Rxa3 42. Kf1 f5 43. Ke2 Ra2+ 44. Kf1 Nd8 45. Nf3 Nc6 46. Ng5 Kf6 47. Nh7+ Ke6 48. Ng5+ Ke7 49. Ke1 Nd8 50. Kf1 Ne6 51. Nf3 Ra3 52. d4 exd4 53.
Ke2 dxe3 54. fxe3 Nd8 55. Ng5 Nc6 56. e4 Rxg3 57. exf5 gxf5 58. Kf2 Ra3 59. Re1+ Ne5 0-1

[Event "*** Titled Tuesday Blitz"]
[Site "Chess.com"]
[Date "2021.03.02"]
[Round "2"]
[White "DenishevM"]
[Black "andrewtnb"]
[Result "1-0"]
[WhiteElo "2614"]
[BlackElo "2307"]
[TimeControl "180+1"]
[EndTime "10:18:51 PST"]
[Termination "DenishevM won on time"]

1. d4 d5 2. Nf3 Nf6 3. c4 dxc4 4. e3 e6 5. Bxc4 a6 6. O-O c5 7. Be2 cxd4 8. exd4 Be7 9. Nc3 O-O 10. Ne5 Nc6 11.
Nxc6 bxc6 12. Bg5 c5 13. dxc5 Bxc5 14. Bf3 Qxd1 15. Rfxd1 Rb8 16. b3 Bb7 17. Bxb7 Rxb7 18. Rac1 Be7 19. Na4 h6 20. Bxf6 Bxf6 21. Rc6 Ra8 22.
Kf1 Be7 23. Nb6 Rab8 24. Nc4 a5 25. Ra6 Bb4 26. Nxa5 Bxa5 27. Rxa5 Rc8 28. Rd2 Rc1+ 29. Ke2 g5 30. Ra4 Kg7 31. Rc4 Ra1 32. Rb2 f5 33. b4 Rb5 34. Rc5 Rxc5 35. bxc5 Rc1 36. a4 Rxc5 37. Ra2 Ra5 38. Kd3 Kf6 39. Kc4 e5 40. Kb4 Ra8 41. Kc5 f4 42. f3 Kf5 43. a5 e4 44. fxe4+ Kxe4 45. a6 g4 46. a7 f3 47. gxf3+ gxf3 48. Kb6 Ke3 49. Kb7 Rxa7+ 50.
Rxa7 f2 51. Ra1 Ke2 52. Ra2+ Kf3 53. Ra1 h5 54. Kc6 h4 55. Kd5 Kg2 56. Ke4 f1=Q 57. Rxf1 Kxf1 58. Kf3 1-0

[Event "*** Titled Tuesday Blitz"]
[Site "Chess.com"]
[Date "2021.03.02"]
[Round "2"]
[White "horripile"]
[Black "VFernandezB"]
[Result "1/2-1/2"]
[WhiteElo "2692"]
[BlackElo "2491"]
[TimeControl "180+1"]
[EndTime "10:18:53 PST"]
[Termination "Game drawn by repetition"]

1. e4 c5 2. Nf3 d6 3. Bb5+ Nd7 4. c3 a6 5. Ba4 b5 6. Bc2 Bb7 7. O-O Ngf6 8. Re1 e6 9. d4 Rc8 10. Bd3 Qc7 11. Nbd2 Be7 12. a4 b4 13. a5 O-O 14.
Qe2 e5 15. d5 Ra8 16. Nc4 bxc3 17. bxc3 Rfb8 18. h3 Bc8 19. Be3 Nf8 20. Kh2 Bd7 21.
Nb6 Ra7 22. Nd2 Bc8 23. Reb1 N6d7 24. Nxc8 Qxc8 25. Rxb8 Nxb8 26. Nc4 Nfd7 27. Rb1 Rb7 28. Qd1 Rb5 29. Nd2 Rxa5 30. Qb3 h6 31. g3 Bg5 32. f4 Bf6 33. Kg2 Qc7 34. Kf3 c4 35. Qxc4 Nc5 36.
Qb4 Nbd7 37. Bxc5 Nxc5 38. Qb8+ Qxb8 39. Rxb8+ Kh7 40. Nc4 Rb5 41. Rc8 Nxd3 42. Nxd6 Rb3 43. Ke3 Nb4 44. fxe5 Bxe5 45. Nxf7 Rxc3+ 46. Rxc3 Bxc3 47. d6 Kg8 48. d7 Nc6 49. d8=Q+ Nxd8 50. Nxd8 Be5 51.
g4 a5 52. Nc6 Bc7 53. Kd4 Kf7 54. Kd5 a4 55. e5 a3 56. e6+ Kf6 57. Nb4 Ba5 58. Na2 Ke7 59. Ke5 Bd2 60. Kd5 g6 61. Ke5 h5 62. Kd5 hxg4 63. hxg4 g5 64. Ke5 Ba5 65. Kf5 Bd2 66. Ke5 Bf4+ 67. Kd5 Bd2 68. Ke5 1/2-1/2

[Event "*** Titled Tuesday Blitz"]
[Site "Chess.com"]
[Date "2021.03.02"]
[Round "2"]
[White "Agoking701"]
[Black "Sokoloco"]
[Result "1/2-1/2"]
[WhiteElo "2228"]
[BlackElo "2435"]
[TimeControl "180+1"]
[EndTime "10:18:53 PST"]
[Termination "Game drawn by repetition"]

1. e4 g6 2. d4 Bg7 3. Nc3 d6 4. Nf3 Nf6 5. Be2 O-O 6. Bg5 h6 7. Be3 Ng4 8. Bc1 e5 9. h3 exd4 10. Nxd4 Nf6 11. O-O Re8 12. Bd3 Nc6 13. Nxc6 bxc6 14.
Qf3 Bb7 15. Re1 c5 16. Bf4 Nd7 17. Qg3 Ne5 18. Rad1 a6 19. Bf1 Qd7 20. Nd5 Kh7 21. Bxh6 Bxd5 22. Bxg7 Kxg7 23. Rxd5 Qa4 24. Qb3 Qxb3 25.
axb3 a5 26. f4 Nd7 27. Bb5 Red8 28. Bc6 Ra7 29. Bxd7 Rxd7 30. Ra1 Re7 31. e5 Ra6 32. Kf2 Kf8 33. Rad1 Re6 34. Kf3 Ke7 35. g4 Kd7 36. f5 gxf5 37. gxf5 Rh6 38. Kg4 Kc6 39. exd6 Rxd6 40.
Rxd6+ cxd6 41. Kg5 d5 42. Kf6 d4 43. Kxf7 Kd5 44.
Re1 a4 45. bxa4 c4 46. f6 d3 47.
cxd3 cxd3 48. Kg8 Rxf6 49. b4 Rf4 50. a5 Rxb4 51. Ra1 Rb7 52. h4 Kd4 53. h5 d2 54.
h6 Rb8+ 55. Kg7 Rb7+ 56. Kg8 Rb8+ 57. Kg7 Rb7+ 58. Kg8 1/2-1/2

[Event "*** Titled Tuesday Blitz"]
[Site "Chess.com"]
[Date "2021.03.02"]
[Round "2"]
[White "UmutErdemGunduz"]
[Black "elohunter1999"]
[Result "1/2-1/2"]
[WhiteElo "2349"]
[BlackElo "2627"]
[TimeControl "180+1"]
[EndTime "10:18:55 PST"]
[Termination "Game drawn by repetition"]

1. e4 c5 2. Nf3 Nc6 3. d4 cxd4 4.
Nxd4 g6 5. Nc3 Bg7 6. Be3 Nf6 7.
Bc4 O-O 8. Bb3 d6 9. f3 Bd7 10. Qd2 Nxd4 11. Bxd4 b5 12. h4 a5 13. a4 bxa4 14. Nxa4 Rb8 15. g4 Rb4 16. Bc3 Nxe4 17. fxe4 Rxe4+ 18. Kf2 Rxg4 19. Bxg7 Kxg7 20. Rag1 h5 21.
Rxg4 Bxg4 22. Nc3 Qb6+ 23. Qe3 Qb7 24. Re1 e6 25. Qd4+ e5 26. Qe3 Rc8 27. Kg3 f5 28. Kh2 f4 29. Qd2 Qe7 30. Qf2 Rc5 31. Ne4 Rb5 32. Ng5 a4 33. Bxa4 Rxb2 34. Qxf4 Qa7 35.
Rxe5 dxe5 36. Qxe5+ Kf8 37. Qf6+ Kg8 38. Qxg6+ Qg7 39.
Bb3+ Rxb3 40. Qxg7+ Kxg7 41. cxb3 Kf6 42. Kg3 Ke5 43.
Nf3+ Kd5 44. Nd2 Kc5 45. Kf4 Kb4 46. Kg5 Kc3 47. Ne4+ Kxb3 48. Nf6 Bd1 49. Nxh5 Kc4 50. Nf6 Kd4 51. Ng4 Kd5 52. h5 Ke6 53. h6 Bc2 54.
Nf2 Kf7 55. Nh3 Kg8 56. Nf4 Kh8 57. Nh5 Kg8 58. Nf6+ Kh8 59. Nh5 Kg8 60. Nf6+ Kh8 61. Nh5 1/2-1/2

[Event "*** Titled Tuesday Blitz"]
[Site "Chess.com"]
[Date "2021.03.02"]
[Round "2"]
[White "FairChess_on_YouTube"]
[Black "Mikedannnn"]
[Result "1-0"]
[WhiteElo "2936"]
[BlackElo "2571"]
[TimeControl "180+1"]
[EndTime "10:18:56 PST"]
[Termination "FairChess_on_YouTube won by checkmate"]

1. d4 Nf6 2. c4 c5 3. Nf3 cxd4 4. Nxd4 b6 5. f3 Bb7 6. e4 e6 7. Nc3 d6 8. Be3 Be7 9. Be2 O-O 10. O-O a6 11. a4 Qc7 12. Qd2 Nc6 13. Rfc1 Nxd4 14.
Bxd4 Rac8 15. Kh1 Nd7 16. b4 a5 17. Nb5 Qb8 18. bxa5 bxa5 19. Qxa5 Nc5 20. Rcb1 Qa8 21. Qc3 d5 22. Bxg7 Rfd8 23. Bh8 Bf8 24. Bf6 dxe4 25. Qe5 h6 26. Bxd8 Rxd8 27. Ra3 Nd3 28. Bxd3 Bxa3 29. Bxe4 Bxe4 30. Qxe4 Qxa4 31. Nc3 Qa5 32. Ne2 Qd2 33.
g3 Bf8 34. Ng1 Qf2 35. Qe2 Qd4 36. Nh3 Rc8 37. Rc1 Ba3 38. Rc2 Bc5 39. Rd2 Qc3 40.
Qd3 Qa1+ 41. Rd1 Qb2 42. Nf4 Be7 43. Nxe6 fxe6 44. Qg6+ Kf8 45. Qxe6 Rd8 46. Qxh6+ Qg7 47. Rxd8+ Bxd8 48. Qxg7+ Kxg7 49. Kg2 Kf6 50. f4 Bb6 51. Kf3 Ke6 52. h4 Bd8 53. h5 Kf5 54. g4+ Ke6 55. Ke4 Bh4 56. g5 Bf2 57. h6 Kf7 58. f5 Ba7 59.
g6+ Kf6 60. h7 Kg7 61. f6+ Kh8 62. Kd5 Bc5 63. g7+ Kxh7 64. Kxc5 Kg8 65. Kd6 Kf7 66. c5 Ke8 67. g8=Q# 1-0